 Dungeon Crawl Stone Soup version 0.31-a0-1009-g454b1f1e0a (webtiles) character file.

Game seed: 13027164796193965595

26877 BinkBink the Unseen (level 13, -7/57 HPs)
             Began as a Spriggan Hunter on Nov 15, 2023.
             Was the Champion of Okawaru.
             Killed from afar by an ice statue (13 damage)
             ... with a shard of ice
             ... in an ice cave.
             The game lasted 00:42:34 (20348 turns).

BinkBink the Unseen (Spriggan Hunter)              Turns: 20348, Time: 00:42:34

Health: -7/57      AC:  6    Str:  7    XL:     13   Next: 1%
Magic:  14/14      EV: 18    Int: 10    God:    Okawaru [******]
Gold:   1955       SH:  0    Dex: 24    Spells: 12/12 levels left

rFire   x . .        G - +1 arbalest (flame)
rCold   . . .        (shield currently unavailable)
rNeg    + + +        O - +3 robe "Hanwiall" {Fly rF- rN+++ SInv}
rPois   .            (helmet restricted)
rElec   .            M - +0 cloak
rCorr   +            (gloves unavailable)
SInv    +            (boots unavailable)
Will    ++...        (no amulet)
Stlth   ++++++++     n - ring of positive energy
HPRegen 0.29/turn    v - ring of resist corrosion
MPRegen 0.14/turn

%: no passive effects
@: flying, very quick
A: very small, no large weapons, unfitting armour, see invisible, speed 3
a: Renounce Religion, Heroism, Finesse, Duel


You were in an ice cave.
You worshipped Okawaru.
Okawaru was exalted by your worship.
You visited 3 branches of the dungeon, and saw 17 of its levels.
You also visited: Sewer and Ice Cave.

You collected 2091 gold pieces.
You spent 136 gold pieces at shops.

Inventory:

Hand Weapons
 a - a +4 shortbow of freezing
 G - a +1 arbalest of flaming (weapon)
Missiles
 s - a throwing net
Armour
 M - a +0 cloak (worn)
 O - the +3 robe "Hanwiall" (worn) {Fly rF- rN+++ SInv}
   (Okawaru gifted it to you on level 11 of the Dungeon)

   rF-:       It makes you vulnerable to fire.
   rN+++:     It renders you almost immune to negative energy.
   SInv:      It lets you see invisible.
   Fly:       It grants you flight.
Jewellery
 n - a ring of positive energy (left hand)
 v - a ring of resist corrosion (right hand)
Wands
 e - a wand of light (12)
 h - a wand of flame (16)
 w - a wand of roots (17)
 z - a wand of polymorph (6)
Scrolls
 b - 6 scrolls of butterflies
 f - 5 scrolls of noise
 g - a scroll of poison {unknown}
 j - 2 scrolls of fear
 l - 3 scrolls of teleportation
 q - 3 scrolls of revelation
 r - a scroll of blinking
 t - a scroll of brand weapon
 y - a scroll of amnesia {unknown}
 B - 2 scrolls of fog
 D - 2 scrolls of vulnerability
 N - a scroll of enchant armour {unknown}
Potions
 c - 3 potions of cancellation
 d - 5 potions of curing
 i - 3 potions of mutation
 k - a potion of attraction {unknown}
 m - 3 potions of brilliance
 o - 3 potions of degeneration
 p - a potion of berserk rage
 u - 3 potions of invisibility {unknown}
 x - 3 potions of enlightenment {unknown}
 A - 3 potions of haste {unknown}
 E - 4 potions of heal wounds {unknown}
 F - 2 potions of might {unknown}
 H - a potion of lignification {unknown}
 I - a potion of ambrosia {unknown}
 K - a potion of resistance {unknown}


   Skills:
 - Level 1.5 Fighting
 + Level 18.3 Ranged Weapons
 - Level 2.6 Dodging
 + Level 19.0 Stealth


You had 12 spell levels left.
You didn't know any spells.
Your spell library contained the following spells:

 Spells                   Type           Power      Damage    Failure   Level
 Magic Dart               Conj           0%         1d3       36%         1
 Ensorcelled Hibernation  Hex/Ice        0%         N/A       50%         2
 Jinxbite                 Hex            0%         N/A       50%         2
 Lesser Beckoning         Tloc           0%         N/A       50%         2
 Poisonous Vapours        Pois/Air       0%         N/A       50%         2
 Searing Ray              Conj           0%         2d4       50%         2
 Static Discharge         Conj/Air       0%         3-3/arc   50%         2
 Dazzling Flash           Conj/Hex       0%         N/A       75%         3
 Gell's Gravitas          Tloc           0%         N/A       75%         3
 Mephitic Cloud           Conj/Pois/Air  0%         N/A       75%         3
 Teleport Other           Tloc           0%         N/A       75%         3
 Airstrike                Air            0%         2d(0-16)  98%         4
 Anguish                  Hex/Necr       0%         N/A       98%         4
 Fulminant Prism          Conj/Hex       0%         3d5       98%         4
 Leda's Liquefaction      Hex/Erth       0%         N/A       98%         4
 Agony                    Necr           0%         N/A       100%        5
 Freezing Cloud           Conj/Ice/Air   0%         6-21      100%        5
 Lee's Rapid Deconstruct  Erth           0%         3d4*      100%        5
 Silence                  Hex/Air        0%         N/A       100%        5
 Bombard                  Conj/Erth      0%         9d1       100%        6
 Conjure Ball Lightning   Conj/Air       0%         3x3d6     100%        6
 Discord                  Hex            0%         N/A       100%        8
 Disjunction              Tloc           0%         N/A       100%        8
 Summon Lightning Spire   Summ/Air       Unusable   N/A       N/A         4

Dungeon Overview and Level Annotations

Branches:
Dungeon (13/15)            Temple (1/1) D:4            Lair (3/5) D:11
 Spider (0/4) Lair:2          Orc (0/2) D:10          Sewer (visited)
  IceCv (1/1)
  Swamp: Lair:2-3    Shoals: Lair:2-3    Vaults: D:13-14

Altars:
Ashenzari
Cheibriados
Dithmenos
Elyvilon
Fedhas
Gozag
Hepliaklqana
Kikubaaqudgha
Makhleb
Nemelex Xobeh
Okawaru
Qazlal
Ru
Sif Muna
Trog
Uskayaw
Vehumet
Wu Jian
Xom
Yredelemnul
Zin
The Shining One
Ignis

Shops:
D:8 *   D:11 !

Annotations:
D:7 Jeremiah, Joseph
Lair:1 Urug IceCv exclusion: 2 ice statues


Innate Abilities, Weirdness & Mutations

You are very small and have problems with some larger weapons.
You are too small for most types of armour.
You have supernaturally acute eyesight. (SInv)
You cover ground extremely quickly. (Speed+++)


Message History

You kill the ice beast!
The ice beast disappears in a puff of smoke!
You start resting.
HP restored.
You shoot a bolt.
The bolt hits the ice statue but does no damage.
The ice statue is lightly damaged.
The ice statue gestures at you. The freezing blast misses you.
You are engulfed in freezing vapours.
You start resting.
HP restored.
Okay, then.
The ice statue gestures.
You shoot a bolt.
The bolt hits the ice statue but does no damage.
The ice statue is lightly damaged.
You shoot a bolt.
The bolt hits the ice statue but does no damage.
The ice statue is lightly damaged.
The ice statue gestures at you.
You shoot a bolt.
The bolt hits the ice statue but does no damage.
The ice statue is lightly damaged.
You shoot a bolt. The bolt hits the ice statue!
The bolt melts the ice statue.
The ice statue is moderately damaged.
The ice statue gestures at you. The shard of ice hits you!
You shoot a bolt. The bolt hits the ice statue.
The bolt melts the ice statue.
The ice statue is moderately damaged.
The ice statue gestures at you. The shard of ice hits you!!
* * * LOW HITPOINT WARNING * * *
The ice statue gestures at you. The freezing blast misses you.
You are engulfed in freezing vapours.
* * * LOW HITPOINT WARNING * * *
The ice statue gestures at you. The shard of ice hits you!
You die...

.......## ........#
.........8 ####
.........## ##..##
..........######....##
.......Y....##.......#
...⌠.............∩∩..#
......☼..☼...........#
......☼☼@°##..##....##
......☼○.########..##
......☼☼§8# ####
.........## ........##
#.....### ######


You could see 2 ice statues and an ice beast (summoned).

Vanquished Creatures
  2 hydras (Lair:2)
  A boulder beetle (D:12)
  5 two-headed ogres
  A skyshark (Lair:3)
  Nergalle (Lair:1)
  A manticore (D:12)
  3 elephants (Lair:1)
  6 gargoyles
  4 cane toads
  6 komodo dragons
  A kobold demonologist (D:9)
  4 ice devils (IceCv)
  3 trolls
  2 hornets
  5 blink frogs
  A shadow (D:12)
  4 wyverns
  A vampire (D:12)
  23 yaks
  A wraith (D:11)
  2 basilisks
  5 steam dragons
  2 vampire mosquitoes (D:12)
  A death yak simulacrum (IceCv)
  3 redbacks (Lair:2)
  An acid dragon (D:11)
  6 water moccasins
  7 orc warriors
  Pargi (Sewer)
  2 ice beasts
  A sky beast (D:6)
  2 black bears
  5 wolves (Lair:1)
  An ogre (D:6)
  3 centaurs
  2 phantoms (D:4)
  7 kobold brigands
  7 bullfrogs
  A gnoll sergeant (D:10)
  A cane toad simulacrum (IceCv)
  6 wights
  6 killer bees (D:11)
  A vampire bat (D:4)
  3 howler monkeys (D:11)
  2 jellies
  7 orc priests
  A gnoll bouda (D:10)
  2 hounds
  3 sleepcaps (D:5)
  Crazy Yiuf (D:6)
  6 iguanas
  Ijyb (D:5)
  Terence (D:2)
  15 orc wizards
  4 hell rats (Lair:3)
  Robin (D:2)
  9 gnolls
  8 adders
  3 river rats (D:3)
  A naga simulacrum (IceCv)
  2 shadow imps (D:6)
  12 white imps (Lair:3)
  An ufetubus (IceCv)
  2 worms
  A dart slug (D:1)
  3 fire bats (D:4)
  26 orcs
  2 spectral bats (D:4)
  8 ball pythons
  17 bats
  3 bat skeletons (D:4)
  A bat zombie (D:4)
  4 endoplasms
  A giant cockroach (D:2)
  16 goblins
  5 hobgoblins
  7 quokkas
  A bat simulacrum (D:4)
  A frilled lizard (D:3)
  28 kobolds
  3 rats
360 creatures vanquished.

Notes
Turn   | Place    | Note
-------+----------+-------------------------------------------
     0 | D:1      | BinkBink the Spriggan Hunter began the quest for the Orb.
     0 | D:1      | Reached XP level 1. HP: 10/10 MP: 2/2
   184 | D:1      | Reached XP level 2. HP: 14/14 MP: 3/3
  1147 | D:2      | Reached skill level 5 in Ranged Weapons
  1159 | D:2      | Reached XP level 3. HP: 18/18 MP: 4/4
  1298 | D:2      | Noticed Robin
  1466 | D:2      | Reached XP level 4. HP: 22/22 MP: 5/5
  1488 | D:2      | Killed Robin
  1615 | D:2      | Noticed Terence
  1702 | D:2      | Killed Terence
  1976 | D:3      | Found a faded altar of an unknown god.
  2170 | D:3      | Found an iron altar of Okawaru.
  2181 | D:3      | Became a worshipper of Warmaster Okawaru
  2183 | D:3      | Reached XP level 5. HP: 22/25 MP: 6/6
  2272 | D:3      | Found a glowing drain.
  2276 | Sewer    | Entered a sewer
  2299 | Sewer    | Noticed Pargi
  2902 | Sewer    | Killed Pargi
  2903 | Sewer    | Reached XP level 6. HP: 24/30 MP: 7/7
  3395 | D:4      | Found a staircase to the Ecumenical Temple.
  3414 | D:4      | Reached * piety under Okawaru
  3708 | D:4      | Reached XP level 7. HP: 33/33 MP: 8/8
  3780 | D:4      | Found an opulent altar of Gozag.
  3790 | D:4      | Noticed a wyvern
  4358 | D:4      | Killed a wyvern
  4358 | D:4      | Reached ** piety under Okawaru
  4382 | D:5      | Entered Level 5 of the Dungeon
  4424 | D:5      | Found an ancient bone altar of Kikubaaqudgha.
  4436 | D:5      | Found a shimmering blue altar of Sif Muna.
  4483 | D:5      | Found a radiant altar of Vehumet.
  4535 | D:5      | Reached skill level 10 in Ranged Weapons
  4578 | D:5      | Reached XP level 8. HP: 37/37 MP: 9/9
  4957 | D:5      | Noticed Ijyb
  4964 | D:5      | Killed Ijyb
  5143 | D:6      | Identified the +8 trident of Wyrd {freeze, Stlth+}
  5793 | D:6      | Reached *** piety under Okawaru
  6311 | D:6      | Found a runed translucent door.
  6312 | D:6      | Noticed Crazy Yiuf
  6458 | D:6      | Killed Crazy Yiuf
  6614 | D:7      | Noticed Jeremiah
  7190 | D:7      | Noticed Joseph
  7238 | D:7      | Reached XP level 9. HP: 41/41 MP: 10/10
  7245 | D:7      | HP: 2/41 [Joseph/sling bullet (21)]
  7447 | D:7      | Found a snail-covered altar of Cheibriados.
  7452 | D:7      | Found a broken altar of Ashenzari.
  7885 | Temple   | Entered the Ecumenical Temple
  7886 | Temple   | Identified a scroll of acquirement
  7887 | Temple   | Acquired 480 gold pieces
  8399 | D:8      | You fall into a shaft and drop 2 floors!
  8399 | D:10     | Entered Level 10 of the Dungeon
  8510 | D:10     | Noticed a two-headed ogre
  8516 | D:10     | Killed a two-headed ogre
  8516 | D:10     | Reached **** piety under Okawaru
  8687 | D:10     | Reached skill level 3 in Stealth
  8718 | D:10     | Found a white marble altar of Elyvilon.
  8761 | D:10     | Found a staircase to the Orcish Mines.
  8795 | D:10     | Noticed a two-headed ogre
  8811 | D:10     | Killed a two-headed ogre
  8812 | D:10     | Reached skill level 5 in Stealth
  8835 | D:10     | Paralysed by a hornet for 1 turns
  8857 | D:10     | Found a sparkling altar of Nemelex Xobeh.
  8886 | D:10     | Reached ***** piety under Okawaru
  8887 | D:10     | Reached skill level 6 in Stealth
  8887 | D:10     | Reached XP level 10. HP: 46/46 MP: 11/11
  9501 | D:9      | Reached skill level 7 in Stealth
  9699 | D:9      | Found a blossoming altar of Fedhas.
 10202 | D:9      | Reached skill level 8 in Stealth
 10556 | D:8      | Noticed a two-headed ogre
 10584 | D:8      | Killed a two-headed ogre
 10584 | D:8      | Received a gift from Okawaru
 10585 | D:8      | Reached skill level 9 in Stealth
 10625 | D:8      | Found Hyjiah Lilo's Assorted Antiques.
 10629 | D:8      | Reached skill level 15 in Ranged Weapons
 10676 | D:8      | Bought a clear potion for 23 gold pieces
 10676 | D:8      | Bought an emerald potion for 23 gold pieces
 10676 | D:8      | Bought a fizzy golden potion for 23 gold pieces
 10676 | D:8      | Bought a scroll of identify for 52 gold pieces
 10813 | D:8      | Reached skill level 10 in Stealth
 10865 | D:8      | Noticed a gargoyle
 10938 | D:8      | Killed a gargoyle
 11101 | D:8      | Noticed a gargoyle
 11486 | D:8      | Killed a gargoyle
 11498 | D:8      | Noticed a gargoyle
 11498 | D:8      | Noticed a gargoyle
 11531 | D:8      | Killed a gargoyle
 11532 | D:8      | Reached skill level 11 in Stealth
 11604 | D:8      | Killed a gargoyle
 11638 | D:8      | Noticed a gargoyle
 11662 | D:8      | Killed a gargoyle
 11743 | D:8      | Identified the +5 war axe of Law {flame, rC- rCorr Dex+5}
 11759 | D:9      | Reached XP level 11. HP: 49/49 MP: 12/12
 11777 | D:9      | Received a gift from Okawaru
 12239 | D:9      | Reached skill level 12 in Stealth
 12924 | D:10     | Reached skill level 13 in Stealth
 13232 | D:11     | Noticed a two-headed ogre
 13263 | D:11     | Killed a two-headed ogre
 13803 | D:11     | Found a staircase to the Lair.
 14143 | D:11     | Found Cikuo's Distillery.
 14148 | D:11     | Bought a potion of degeneration for 15 gold pieces
 14467 | D:11     | Reached skill level 14 in Stealth
 15206 | D:11     | Noticed a two-headed ogre
 15224 | D:11     | Killed a two-headed ogre
 15224 | D:11     | Received a gift from Okawaru
 15320 | D:11     | Reached ****** piety under Okawaru
 15321 | D:11     | Acquired a +1 arbalest of flaming
 15321 | D:11     | Received a gift from Okawaru
 15322 | D:11     | Acquired the +3 robe "Hanwiall" {Fly rF- rN+++ SInv}
 15322 | D:11     | Received a gift from Okawaru
 15482 | D:12     | Noticed a boulder beetle
 15782 | D:12     | Acquired 796 gold pieces
 15796 | D:12     | Reached skill level 15 in Stealth
 15945 | D:12     | Killed a boulder beetle
 16136 | D:13     | Noticed a two-headed ogre
 16171 | Lair:1   | Entered Level 1 of the Lair of Beasts
 16272 | Lair:1   | Received a gift from Okawaru
 16273 | Lair:1   | Reached XP level 12. HP: 53/53 MP: 13/13
 16336 | Lair:1   | Reached skill level 16 in Stealth
 16556 | Lair:1   | Noticed Nergalle
 16793 | Lair:1   | Noticed Urug
 17327 | Lair:1   | Killed Nergalle
 17545 | Lair:2   | Found a hole to the Spider Nest.
 17655 | Lair:2   | Received a gift from Okawaru
 17719 | Lair:2   | Reached skill level 17 in Stealth
 17976 | Lair:2   | Noticed a five-headed hydra
 18026 | Lair:2   | Killed a five-headed hydra
 18169 | Lair:2   | Noticed a four-headed hydra
 18186 | Lair:2   | Killed a four-headed hydra
 18737 | Lair:3   | Reached skill level 18 in Stealth
 19096 | Lair:3   | Received a gift from Okawaru
 19161 | Lair:3   | Found a frozen archway.
 19243 | IceCv    | Entered an ice cave
 19632 | IceCv    | Reached XP level 13. HP: 57/57 MP: 14/14
 19635 | IceCv    | Reached skill level 19 in Stealth
 20348 | IceCv    | Killed from afar by an ice statue

Illustrated notes

Levels and vault maps discovered:
D:1:      sevenhm_arrival_forest_fort_large_4, layout_basic
D:2:      layout_rooms, minivault_14, uniq_robin, uniq_terence
D:3:      minmay_general_purpose_star, layout_basic,
          kennysheep_okawaru_gauntlet, gup_sewer_entry_bowl,
          nicolae_ecumenical_lake_church, kennysheep_generic_room_3
D:4:      layout_rooms, general_overflow_altar, minmay_temple_entry_overgrown,
          goddamned_bats
D:5:      layout_rooms, palyth_temple_overflow_mages, uniq_ijyb
D:6:      minmay_inner_zag, layout_basic, roderic_lattice_a,
          uniq_crazy_yiuf_cottage
D:7:      layout_loops_ring, mainiacjoe_overflow_big_doors, uniq_jeremiah,
          uniq_joseph
D:8:      cheibrodos_statue_roulette, layout_basic, serial_shops,
          nicolae_shop_overgrown_old_shop
D:9:      layout_roguey, mainiacjoe_overflow_catwalk
D:10:     layout_irregular_city, nemelex_xobeh_ov_fountains_minmay,
          elyvilon_altar_1, orc_0_dummy, nrook_mini_vaults
D:11:     layout_stronghold, david_lair_shrubbed, serial_shops, shop
D:12:     layout_rooms
D:13:     layout_rooms, david_vaults_4, serial_shops, shop,
          hellmonk_ghost_happy_afterlife
Temple:   ebering_untended_altars
Lair:1:   layout_cave_pods, uniq_urug, uniq_nergalle
Lair:2:   layout_chaotic_city, spider_nest_entry_webs
Lair:3:   layout_regular_city, minmay_shoals_entry_lonely_mermaid,
          portal_ice_cave_entry_imps
IceCv:    ice_cave_tombish

Skill      XL: |  1  2  3  4  5  6  7  8  9 10 11 12 13 |
---------------+----------------------------------------+-----
Ranged Weapons | 5 6 7 8 10 12 14 15 16 18 | 18.3
Stealth        | 6 11 15 18 19 | 19.0
Fighting       | |  1.5
Dodging        | |  2.6

Action                     |  1- 3 |  4- 6 |  7- 9 | 10-12 | 13-15 || total
---------------------------+-------+-------+-------+-------+-------++-------
   Fire: Shortbow          |   105 |   305 |   396 |   547 |       ||  1353
         Arbalest          |       |       |       |   314 |    17 ||   331
 Invoke: Receive Weapon    |       |       |       |     1 |       ||     1
         Receive Armour    |       |       |       |     1 |       ||     1
    Use: Scroll            |       |     2 |    11 |     9 |       ||    22
 Armour: Robe              |     2 |    26 |    29 |    52 |    14 ||   123
         Steam dragon scal |       |       |     5 |    18 |       ||    23
  Dodge: Dodged            |    11 |    59 |   104 |   137 |     4 ||   315

Table legend: (Time is in decaauts)
 A = Elapsed time spent in this place.
 B = Non-inter-level travel time spent in this place.
 C = Inter-level travel time spent in this place.
 D = Time resting spent in this place.
 E = Time spent auto-exploring this place.
 F = Levels seen in this place.
 G = Mean time per level.
                   A        B        C        D        E       F      G
               +--------+--------+--------+--------+--------+-----+--------+
         Total |  15485 |  15042 |    443 |   5664 |   5623 |  19 |  815.0 |
       Dungeon |  11611 |  11195 |    416 |   3960 |   4693 |  13 |  893.2 |
        Temple |     11 |     11 |      0 |      0 |      0 |   1 |   11.0 |
          Lair |   2278 |   2252 |     26 |    626 |    920 |   3 |  759.3 |
         Sewer |    498 |    498 |      0 |     59 |      9 |   1 |  498.0 |
      Ice Cave |   1085 |   1085 |      0 |   1019 |      0 |   1 | 1085.0 |
               +--------+--------+--------+--------+--------+-----+--------+

Top non-repeatable levels by time:
    D:11: 1819 daAuts
     D:9: 1485 daAuts
     D:8: 1245 daAuts
     D:6: 1203 daAuts
     D:7: 1165 daAuts
   IceCv: 1085 daAuts
  Lair:1: 992 daAuts
    D:10: 953 daAuts
  Lair:2: 945 daAuts
     D:4: 789 daAuts
     D:1: 766 daAuts
     D:3: 585 daAuts
     D:2: 555 daAuts
     D:5: 533 daAuts
    D:12: 507 daAuts
